 Dungeon Crawl Stone Soup version 0.31.0 (webtiles) character file.

Game seed: 14911477133131298427

681 NamelessAdventurer the Ruffian (level 7, -1/21 HPs)
             Began as a Djinni Shapeshifter on Jan 20, 2024.
             Was a Follower of Ru.
             Slain by an ogre
             ... wielding a +0 giant club
              (22 damage)
             ... on level 5 of the Dungeon.
             The game lasted 00:14:35 (4401 turns).

NamelessAdventurer the Ruffian (DjSh)               Turns: 4401, Time: 00:14:35

Health: -1/21      AC:  4    Str: 18    XL:     7   Next: 92%
Gold:   154        EV: 10    Int: 14    God:    Ru [*.....] SH:  0 Dex: 12

rFire   . .          .
                       - Unarmed
rCold   . . .        (shield currently unavailable)
rNeg    . . .        (body armour currently unavailable)
rPois   ∞            (helmet currently unavailable)
rElec   .            (cloak currently unavailable)
rCorr   .            (gloves currently unavailable)
SInv    .            (boots unavailable)
Will    .....        (no amulet)
Stlth   ++           (no ring)
HPRegen 0.23/turn    (no ring)
MPRegen 0.00/turn

%: inaccuracy (-5), infuse magic (-2 HP)
@: snake-form, flying
A: constrict, flying, reduced hp, sickness immunity, large, (fire resistance 2),
(cold vulnerability 1), missing an eye, float, innate caster, HP casting, extra
vitality 1
a: Begin Untransformation, Renounce Religion


You were on level 5 of the Dungeon.
You worshipped Ru.
Ru was aware of your devotion.
You were an enormous serpent.
You visited 1 branch of the dungeon, and saw 5 of its levels.

You collected 154 gold pieces.

Inventory:

Missiles
 p - 4 javelins
Armour
 a - a +0 animal skin
 m - a +0 hat
 q - a +2 leather armour of fire resistance
Jewellery
 l - an amulet of the acrobat
Talismans
 c - a beast talisman
 d - a flux talisman
 r - a serpent talisman (active)
Scrolls
 e - 3 scrolls of identify
 g - 3 scrolls of amnesia
 h - 2 scrolls of enchant weapon
 i - a scroll of immolation
 j - 3 scrolls of teleportation
 k - a scroll of fog
 o - 2 scrolls of torment
Potions
 b - a potion of lignification
 f - 2 potions of haste


   Skills:
 * Level 2.7 Fighting
 * Level 2.3 Armour
 * Level 3.6 Dodging
 * Level 2.1 Stealth
 * Level 5.9 Unarmed Combat
 * Level 3.6 Shapeshifting


You knew the following spells:

 Your Spells              Type           Power      Damage    Failure   Level
a - Slow                  Hex            0%         N/A       28%         1
b - Momentum Strike       Conj/Tloc      0%         3d8       41%         2
c - Scorch                Fire           0%         2d5       41%         2
Your spell library was empty.

Dungeon Overview and Level Annotations

Branches:
Dungeon (5/15)
 Temple: D:4-7

Altars:
Dithmenos
Elyvilon
Qazlal
Ru
Trog
Xom
Yredelemnul
Zin


Innate Abilities, Weirdness & Mutations

You are an enormous serpent.
You have a powerful constriction melee attack.
You are flying.
Your maximum health is decreased, since you lack skill for your form.
Your armour is entirely melded.
You are incapable of wielding weapons or throwing items.
You are immune to sickness and miasma.
You are immune to poison.
((Your flesh is very heat resistant. (rF++)))
((You are vulnerable to cold. (rC-)))
You are missing an eye, making it more difficult to aim.
You float through the air rather than walking.
You learn spells naturally, not from books.
Your magical power is your life essence.
You have superior vitality. (+4 MHP)


Message History

You body-slam the gnoll!!
You kill the gnoll!
Things that are here:
a +0 spear; a gnoll corpse You start resting.
HP restored.
Things that are here:
a +0 spear; a gnoll corpse You see here a +0 club.
You see here 6 stones.
Things that are here:
a +0 whip; a gnoll corpse
f - 2 potions of haste (gained 1)
Things that are here:
a +0 whip; a +0 robe Unknown command.
Found a basalt altar of Yredelemnul.
Found a scroll of identify.
e - 3 scrolls of identify (gained 1)
Okay, then.
Things that are here:
a +0 scythe; a +1 robe of resistance; the human skeleton of Sigmund
There is a stone staircase leading down here.
You fly downwards.
Found a stone staircase leading down.
There is a stone staircase leading up here.
There is a stone staircase leading down here.
Found a stone staircase leading down.
Found a scroll of noise.
Found a stone staircase leading up.
You see here a scroll of noise.
There is a stone staircase leading up here.
There is a stone staircase leading up here.
You see here a scroll of noise.
There is a stone staircase leading down here.
An ogre comes into view. It is wielding a +0 giant club.
The ogre shouts!
The ogre hits you with a +0 giant club!!
Ouch! That really hurt!
You die...

#. ##.##
#####...###
#.........
#.##.....#
#.##.....#
#.##.....#
#.##..OS.#
#.#####.###.#
#...........#
#.####.###.....
#.# #.# #...
#.# #.# .. #.#
... #.##.####
#........


You could see an ogre.

Vanquished Creatures
  Sigmund (D:4)
  A scorpion (D:4)
  5 bombardier beetles
  A gnoll bouda (D:4)
  An orc priest (D:3)
  A hound (D:4)
  2 iguanas
  3 gnolls (D:4)
  5 adders
  2 dart slugs
  2 orcs (D:3)
  10 ball pythons
  2 endoplasms (D:1)
  7 giant cockroaches
  8 goblins
  8 hobgoblins
  4 jackals (D:1)
  4 quokkas
  6 bats
  6 frilled lizards
  4 kobolds
  5 rats
88 creatures vanquished.

Notes
Turn   | Place    | Note
-------+----------+-------------------------------------------
     0 | D:1      | NamelessAdventurer the Djinni Shapeshifter began the quest
                  | for the Orb.
     0 | D:1      | Reached XP level 1. HP: 17/17 MP: 0/0
   177 | D:1      | Reached XP level 2. HP: 22/22 MP: 0/0
   386 | D:1      | Reached XP level 3. HP: 27/27 MP: 0/0
   386 | D:1      | Learned a level 1 spell: Slow
   590 | D:3      | Found a bloodstained altar of Trog.
   591 | D:3      | Found a shimmering altar of Xom.
   593 | D:3      | Found a sacrificial altar of Ru.
   595 | D:3      | Found a glowing silver altar of Zin.
   596 | D:3      | Found a white marble altar of Elyvilon.
   628 | D:3      | Reached XP level 4. HP: 23/32 MP: 0/0
   686 | D:3      | Became a worshipper of Ru the Awakened
   911 | D:3      | Reached skill level 1 in Armour
   911 | D:3      | Reached skill level 1 in Stealth
   911 | D:3      | Reached XP level 5. HP: 6/37 MP: 0/0
   911 | D:3      | Learned a level 2 spell: Momentum Strike
  1149 | D:3      | Found a shadowy altar of Dithmenos.
  1258 | D:3      | Reached skill level 4 in Unarmed Combat
  1283 | D:3      | Found a stormy altar of Qazlal.
  2787 | D:1      | Gained mutation: You are missing an eye, making it more
                  | difficult to aim. [Ru sacrifice]
  2787 | D:1      | Reached * piety under Ru
  3178 | D:4      | Reached XP level 6. HP: 19/43 MP: 0/0
  3468 | D:4      | Reached skill level 5 in Unarmed Combat
  3478 | D:4      | Reached XP level 7. HP: 17/49 MP: 0/0
  3478 | D:4      | Learned a level 2 spell: Scorch
  3712 | D:4      | Noticed Sigmund
  4080 | D:4      | Killed Sigmund
  4261 | D:4      | Found a basalt altar of Yredelemnul.
  4318 | D:5      | Entered Level 5 of the Dungeon
  4401 | D:5      | Slain by an ogre

Illustrated notes

Levels and vault maps discovered:
D:1:      minmay_arrival_doors, layout_basic, minmay_misc_feat_alley,
          dk_noncrumbling_3
D:2:      layout_loops_ring
D:3:      minmay_door_path, layout_loops_ring, nicolae_qazlal_scattered_showers,
          nicolae_dithmenos_shadow_blocks, grunt_temple_overflow_open,
          grunt_ministairs_2
D:4:      layout_rooms, mainiacjoe_overflow_alcove_1, uniq_sigmund
D:5:      layout_loops_ring

Skill      XL: |  1  2  3  4  5  6  7 |
---------------+----------------------+-----
Shapeshifting  | 3 |  3.6
Armour         | 1 2 |  2.3
Stealth        | 1 2 |  2.1
Unarmed Combat | 4 5 |  5.9
Dodging        | 3 |  3.6
Fighting       | 2 |  2.7

Action                     |  1- 3 |  4- 6 |  7- 9 || total
---------------------------+-------+-------+-------++-------
  Melee: Unarmed           |   103 |   139 |    56 ||   298
         Punch             |     3 |     3 |       ||     6
         Constrict         |       |     2 |     8 ||    10
   Cast: Slow              |     6 |       |       ||     6
         Momentum Strike   |       |     3 |       ||     3
         Scorch            |       |       |     1 ||     1
 Invoke: Sacrifice an Eye  |       |     1 |       ||     1
    Use: Scroll            |     3 |     6 |     3 ||    12
         Potion            |       |     8 |     4 ||    12
   Stab: Sleeping          |     1 |       |       ||     1
 Armour: Animal skin       |    61 |    28 |       ||    89
         Skin              |       |    32 |    42 ||    74
  Dodge: Dodged            |    76 |    97 |    33 ||   206
   Form: Beast             |       |     1 |       ||     1
         Flux              |       |     1 |       ||     1
         Serpent           |       |     1 |       ||     1
